 Dungeon Crawl Stone Soup version 0.30-a0-358-g0d69a1922f (webtiles) character file.

Game seed: 10865499968729453384

15 Asagix the Trooper (level 2, -1/24 HPs)
             Began as a Demonspawn Berserker on Nov 11, 2022.
             Was a Follower of Trog.
             Slain by a goblin
             ... wielding a +0 club
              (2 damage)
             ... on level 1 of the Dungeon.
             The game lasted 00:01:10 (485 turns).

Asagix the Trooper (Demonspawn Berserker)            Turns: 485, Time: 00:01:11

Health: -1/24      AC:  2    Str: 17    XL:     2   Next: 34%
Magic:  2/2        EV: 12    Int:  8    God:    Trog [*.....]
Gold:   16         SH:  0    Dex: 12    Spells: 1/1 levels left

rFire   . . .      SeeInvis .    d - +2 dagger (venom)
rCold   . . .      Faith    .    (no shield)
rNeg    . . .      Spirit   .    a - +0 animal skin
rPois   .          Reflect  .    (no helmet)
rElec   .          Harm     .    (no cloak)
rCorr   .          Rampage  .    (no gloves)
Will    .....                    (no boots)
Stlth   +.........               (no amulet)
HPRegen 0.24/turn                (no ring)
MPRegen 0.08/turn                (no ring)

@: no status effects
A: ignite blood 1
a: Renounce Religion, Berserk


You were on level 1 of the Dungeon.
You worshipped Trog.
Trog was aware of your devotion.
You visited 1 branch of the dungeon, and saw 1 of its levels.

You collected 16 gold pieces.

Inventory:

Hand Weapons
 d - a +2 dagger of venom (weapon)
Armour
 a - a +0 animal skin (worn)
Scrolls
 b - a scroll of brand weapon {unknown}
 c - 4 scrolls of identify {unknown}
 e - a scroll of teleportation {unknown}


   Skills:
 + Level 3.3 Fighting
 + Level 1.9 Armour
 + Level 1.9 Dodging
 + Level 3.0 Unarmed Combat


You had one spell level left.
You didn't know any spells.
Your spell library was empty.

Dungeon Overview and Level Annotations

Branches:
Dungeon (1/15)

Altars:

Shops:
D:1 !


Innate Abilities, Weirdness & Mutations

Your demonic aura sometimes causes spilled blood to erupt in flames.


Message History

HP restored.
You start waiting.
Done waiting.
You now have 16 gold pieces (gained 9).
e - a scroll labelled CAOLYFF KALEL A ball python comes into view.
The ball python hisses angrily.
The ball python closely misses you. The ball python barely misses you.
You hit the ball python.
The ball python is poisoned.
The ball python is moderately wounded.
The ball python misses you. The ball python grabs you.
The ball python constricts you.
You hit the ball python.
You kill the ball python!
Trog accepts your kill.
c - 4 scrolls labelled ADILUPE SOAFU (gained 3)
A gnoll comes into view. It is wielding a +0 club.
A goblin comes into view. It is wielding a +0 club.
Found 6 stones.
The gnoll shouts!
The goblin shouts!
Found 7 gold pieces.
You see here 4 gold pieces.
You barely miss the gnoll. The gnoll hits you with a +0 club.
You closely miss the gnoll. The gnoll hits you with a +0 club!
You hit the gnoll.
The gnoll is poisoned.
The gnoll is moderately wounded.
The goblin barely misses you. The gnoll hits you with a +0 club.
You hit the gnoll.
The gnoll looks as sick as possible!
The gnoll is heavily wounded.
The goblin hits you with a +0 club. The gnoll barely misses you.
You barely miss the gnoll.
The gnoll is severely wounded.
The goblin closely misses you. The gnoll hits you with a +0 club!
* * * LOW HITPOINT WARNING * * *
You closely miss the gnoll.
The gnoll is almost dead.
You kill the gnoll!
Trog accepts your kill. The goblin hits you with a +0 club.
You die...

. .#######.
$........ #
#.......# #.
##........ .
........# #.
#.).....#
#.##@g.....#
#########
#........(.#
# #.......#
###.###.####
#. ##.####.#
#.# .. .
'..# #.# #.#
## #. ####
#.# #.#
#.#### # #.#
#.# #.....
### #.# #.#
###... +.##
#.# #.# #.##


You could see a goblin.

Vanquished Creatures
  A gnoll (D:1)
  A dart slug (D:1)
  2 ball pythons (D:1)
  A bat (D:1)
  A goblin (D:1)
  2 jackals (D:1)
  A quokka (D:1)
  A frilled lizard (D:1)
  3 kobolds (D:1)
13 creatures vanquished.

Notes
Turn   | Place    | Note
-------+----------+-------------------------------------------
     0 | D:1      | Asagix the Demonspawn Berserker began the quest for the
                  | Orb.
     0 | D:1      | Reached XP level 1. HP: 18/18 MP: 1/1
   144 | D:1      | Found Awual's Distillery.
   152 | D:1      | Gained mutation: Your demonic aura sometimes causes spilled
                  | blood to erupt in flames. [demonic ancestry]
   152 | D:1      | Reached XP level 2. HP: 22/24 MP: 2/2
   484 | D:1      | HP: 1/24 [gnoll/+0 club (8)]
   485 | D:1      | Slain by a goblin

Illustrated notes

Levels and vault maps discovered:
D:1:      ncdulo_lavacross, layout_loops_ring, serial_shops, shop,
          nicolae_shop_behind_doors

Skill      XL: |  1  2 |
---------------+-------+-----
Unarmed Combat | 3 |  3.0
Fighting       | |  3.3
Armour         | |  1.9
Dodging        | |  1.9

Action                   || total
-------------------------++-------
Melee: Unarmed           ||    24
       Dagger            ||     9
       Punch             ||     1
Armor: Animal skin       ||     7
Dodge: Dodged            ||    27

Table legend: (Time is in decaauts)
 A = Elapsed time spent in this place.
 B = Non-inter-level travel time spent in this place.
 C = Inter-level travel time spent in this place.
 D = Time resting spent in this place.
 E = Time spent auto-exploring this place.
 F = Levels seen in this place.
 G = Mean time per level.
                   A        B        C        D        E       F      G
               +--------+--------+--------+--------+--------+-----+--------+
         Total |    483 |    483 |      0 |    206 |    166 |   1 |  483.0 |
       Dungeon |    483 |    483 |      0 |    206 |    166 |   1 |  483.0 |
               +--------+--------+--------+--------+--------+-----+--------+

Top non-repeatable levels by time:
     D:1: 483 daAuts
